 Dungeon Crawl Stone Soup version 0.28-a0-1629-gf728b707aa (webtiles) character file.

Game seed: 9389510185786229134

13 porpoise the Insei (level 2, 0/22 HPs)
             Began as a Demonspawn Transmuter on Jan 25, 2022.
             Killed by nerve-wracking pain
             ... invoked by Jessica
              (2 damage)
             ... on level 2 of the Dungeon.
             The game lasted 00:01:43 (744 turns).

porpoise the Insei (Demonspawn Transmuter)           Turns: 744, Time: 00:01:43

Health: 0/22       AC:  2    Str: 10    XL:     2   Next: 24%
Magic:  4/5        EV: 12    Int: 14    God:
Gold:   39         SH:  0    Dex: 13    Spells: 4/5 levels left

rFire   . . .      SeeInvis .     - Unarmed
rCold   . . .      Faith    .   (no shield)
rNeg    . . .      Spirit   .   a - +0 robe
rPois   .          Reflect  .   (helmet currently unavailable)
rElec   .          Harm     .   (no cloak)
rCorr   .          Rampage  .   (no gloves)
Will    .....                   (boots currently unavailable)
Stlth   +.........              (no amulet)
HPRegen 0.07/turn               (no ring)
MPRegen 0.09/turn               (no ring)

@: appendages
A: horns 2, talons 2, spiny 1
a: End Transformation


You were on level 2 of the Dungeon.
You had temporarily grown beastly horns and talons.
You visited 1 branch of the dungeon, and saw 2 of its levels.

You collected 39 gold pieces.

Inventory:

Missiles
 b - 3 boomerangs (quivered)
 c - 21 stones
 e - 27 sling bullets
 f - 11 bolts
Armour
 a - a +0 robe (worn)
Scrolls
 d - a scroll of vulnerability {unknown}
 g - a scroll of immolation {unknown}


   Skills:
 * Level 1.7 Fighting
 - Level 1.7 Dodging
 * Level 3.0 Unarmed Combat
 - Level 2.0 Spellcasting
 - Level 1.7 Transmutations


You had 4 spell levels left.
You knew the following spells:

 Your Spells              Type           Power      Damage    Failure   Level
a - Beastly Appendage     Tmut           12%        N/A       12%         1

Your spell library contained the following spells:

 Spells                   Type           Power      Damage    Failure   Level
 Wereblood                Tmut           6%         N/A       17%         2
 Spider Form              Tmut/Pois      3%         N/A       45%         3
 Ice Form                 Ice/Tmut       3%         N/A       86%         4


Dungeon Overview and Level Annotations

Branches:
Dungeon (2/15)

Altars:

Annotations:
D:2 Jessica


Innate Abilities, Weirdness & Mutations

You have temporarily grown beastly horns and talons.
You are partially covered in sharp spines.


Message History

As you open the door, it creaks loudly!
There is an open door here.
Done exploring.
Done exploring.
(D) Dungeon
Where to? (? - help)
There is a stone staircase leading down here.
You climb downwards.
Found a scroll labelled GOLIEPPAWI.
There is a stone staircase leading up here.
g - a scroll labelled GOLIEPPAWI Jessica the Apprentice Sorceress comes into view.
She is wielding a +1 dagger of speed.
Found 18 stones.
A kobold comes into view. It is wielding a +0 dagger.
Casting: Beastly Appendage (safe; 12% risk of failure)
Confirm with . or Enter, or press ? or * to list all spells.
You grow a pair of large bovine horns.
Your feet morph into talons.
The kobold shouts!
You closely miss the kobold. You claw the kobold.
You kill the kobold!
Jessica gestures at you while chanting. Pain shoots through your body!
You closely miss Jessica. Your headbutt misses Jessica.
Jessica barely misses you. Jessica is struck by your spines.
Jessica hits you with a +1 dagger of speed.
You are too injured to fight recklessly!
You barely miss Jessica.
Jessica is lightly wounded.
Jessica looks very angry.
Jessica casts a spell at you. Pain shoots through your body!
* * * LOW HITPOINT WARNING * * *
You hit Jessica.
Jessica is heavily wounded.
Jessica misses you.
You hit Jessica but do no damage. Your kick misses Jessica.
Jessica is heavily wounded.
Jessica gestures at you while chanting. Pain shoots through your body!
You die...

.....#. .###
.....#.####....
.............#
.(..........#
...........#
#.........#
#..#..@...#
#.....@)..#
#.#####..###.##.#
.............#
#####..###.# #..#
#.# #######..#
#.# #<.......#
#.# #######.##
#.# #.# ###


You could see Jessica.

Vanquished Creatures
  A ball python (D:1)
  2 endoplasms (D:1)
  A giant cockroach (D:1)
  A hobgoblin (D:1)
  3 kobolds
  3 bats (D:1)
  A rat (D:1)
12 creatures vanquished.

Notes
Turn   | Place    | Note
-------+----------+-------------------------------------------
     0 | D:1      | porpoise the Demonspawn Transmuter began the quest for the
                  | Orb.
     0 | D:1      | Reached XP level 1. HP: 15/15 MP: 3/3
   458 | D:1      | Reached skill level 3 in Unarmed Combat
   516 | D:1      | Gained mutation: You are partially covered in sharp spines.
                  | [demonic ancestry]
   516 | D:1      | Reached XP level 2. HP: 21/21 MP: 3/5
   732 | D:2      | Noticed Jessica
   744 | D:2      | Killed from afar by Jessica

Illustrated notes

Levels and vault maps discovered:
D:1:      ebering_trefoil_3fold, layout_basic
D:2:      layout_basic, grunt_ministairs_7, uniq_jessica

Skill      XL: |  1 |
---------------+----+-----
Unarmed Combat | 3 |  3.0
Fighting       | |  1.7
Dodging        | |  1.7
Spellcasting   | |  2.0
Transmutations | |  1.7

Action                   || total
-------------------------++-------
Melee: Unarmed           ||    24
       Headbutt          ||     4
       Punch             ||     2
       Kick              ||     2
Throw: Boomerang         ||     8
 Cast: Beastly Appendage ||     8
 Stab: Sleeping          ||     1
Armor: Robe              ||     2
Dodge: Dodged            ||     9

Table legend: (Time is in decaauts)
 A = Elapsed time spent in this place.
 B = Non-inter-level travel time spent in this place.
 C = Inter-level travel time spent in this place.
 D = Time resting spent in this place.
 E = Time spent auto-exploring this place.
 F = Levels seen in this place.
 G = Mean time per level.
                   A        B        C        D        E       F      G
               +--------+--------+--------+--------+--------+-----+--------+
         Total |    745 |    734 |     11 |    198 |    459 |   2 |  372.5 |
       Dungeon |    745 |    734 |     11 |    198 |    459 |   2 |  372.5 |
               +--------+--------+--------+--------+--------+-----+--------+

Top non-repeatable levels by time:
     D:1: 723 daAuts
     D:2: 21 daAuts
